 Dungeon Crawl Stone Soup version 0.26.0-16-gc1dbca0489 (webtiles) character file.

Game seed: 9984955019127282656

7804 EnegeticOcto the Cleaver (level 11, 0/129 HPs)
             Began as a Barachi Brigand on Jan 17, 2021.
             Was a High Priest of Okawaru.
             Succumbed to a kobold's poison
             ... on level 10 of the Dungeon.
             The game lasted 00:17:54 (12565 turns).

EnegeticOcto the Cleaver (Barachi Brigand)         Turns: 12565, Time: 00:17:55

Health: 0/129      AC: 25    Str: 21    XL:     11   Next: 21%
Magic:  11/15      EV:  2    Int: 12    God:    Okawaru [*****.]
Gold:   569        SH:  6    Dex: 14    Spells: 10/10 levels left

rFire    . . .     SeeInvis .   k - wand of acid (4) {@v1}
rCold    . . .     Faith    .   r - +0 buckler
rNeg     + + +     Spirit   .   (armour currently unavailable)
rPois    +         Reflect  .   (helmet currently unavailable)
rElec    .         Harm     .   (cloak currently unavailable)
rCorr    .         Rampage  .   (gloves currently unavailable)
Will     +....     NoTele   +   (boots currently unavailable)
Stlth    ++++......             (no amulet)
HPRegen  0.31/turn              A - +6 ring of strength
MPRegen  0.14/turn              d - ring of willpower

@: lethally poisoned (0 -> -12), tree-form, heroism, finesse, slowed, very slow
A: +LOS, swims
a: Renounce Religion, Heroism, Finesse


You were on level 10 of the Dungeon.
You worshipped Okawaru.
Okawaru was extremely pleased with you.
You were a tree.
You visited 1 branch of the dungeon, and saw 10 of its levels.

You collected 622 gold pieces.
You spent 53 gold pieces at shops.

Inventory:

Hand Weapons
 g - a +1 war axe
   (You found it on level 2 of the Dungeon)
Missiles
 b - 9 atropa-tipped darts
 e - 10 boomerangs (quivered)
 i - 107 arrows
 o - a throwing net {!f}
 v - a boomerang of dispersal
 x - 25 poisoned darts
 y - 8 silver javelins
 B - 4 curare-tipped darts
Armour
 c - a +0 cloak (melded)
 q - a +3 plate armour (melded)
   (You took it off an orc warrior on level 6 of the Dungeon)
 r - a +0 buckler (worn)
   (You found it on level 3 of the Dungeon)
 s - a +2 hat (melded)
   (You found it on level 3 of the Dungeon)
 I - a +2 pair of boots (melded)
   (You found it on level 10 of the Dungeon)
Jewellery
 d - a ring of willpower (right branch)
   (You found it on level 8 of the Dungeon)
 l - a +6 ring of dexterity
   (You found it on level 1 of the Dungeon)
 A - a +6 ring of strength (left branch)
   (You found it on level 8 of the Dungeon)
 D - an uncursed ring of wizardry {unknown}
   (You found it on level 10 of the Dungeon)
Wands
 k - a wand of acid (4) (in branch) {@v1}
   (You found it on level 9 of the Dungeon)
 w - a wand of iceblast (11) {@v2}
   (You found it on level 4 of the Dungeon)
 F - a wand of flame (19) {@v4}
   (You found it on level 10 of the Dungeon)
Scrolls
 a - a scroll of enchant weapon
 f - 3 scrolls of remove curse {@r2}
 h - a scroll of blinking {@r4}
 j - 4 scrolls of teleportation {@r3 !r}
 t - 3 scrolls of enchant armour
 u - 3 scrolls of fog {!r}
 C - a scroll of fear {!r}
Potions
 m - 2 potions of flight
 n - a potion of lignification {@q6}
 p - a potion of invisibility
 z - a potion of magic
 E - a potion of might {unknown}
 G - a potion of resistance {unknown}
 H - a potion of haste {unknown}


   Skills:
 + Level 8.0(13.0) Fighting
 - Level 2.1(7.1) Short Blades
 * Level 12.9(17.9) Axes
 + Level 5.5(10.5) Throwing
 - Level 4.0(9.0) Armour
 - Level 1.1(6.1) Dodging
 - Level 3.6(8.6) Stealth
 - Level 4.0(9.0) Shields
 - Level 6.0 Invocations


You had 10 spell levels left.
You didn't know any spells.
Your spell library contained the following spells:

 Spells                   Type           Power        Failure   Level
 Foxfire                  Conj/Fire      0%           32%         1
 Magic Dart               Conj           0%           32%         1
 Blink                    Tloc           N/A          45%         2
 Call Imp                 Summ           0%           45%         2
 Slow                     Hex            0%           45%         2
 Sublimation of Blood     Necr           0%           45%         2
 Conjure Flame            Conj/Fire      0%           69%         3
 Ignite Poison            Fire/Tmut/Pois 0%           69%         3
 Inner Flame              Hex/Fire       0%           69%         3
 Mephitic Cloud           Conj/Pois/Air  0%           69%         3
 Petrify                  Tmut/Erth      0%           97%         4
 Sticky Flame             Conj/Fire      0%           97%         4
 Alistair's Intoxication  Tmut/Pois      0%           100%        5
 Fireball                 Conj/Fire      0%           100%        5
 Irradiate                Conj/Tmut      0%           100%        5
 Eringya's Noxious Bog    Tmut/Pois      0%           100%        6


Dungeon Overview and Level Annotations

Branches:
Dungeon (10/15)            Temple (0/1) D:4            Lair (0/6) D:8
    Orc (0/2) D:10

Altars:
Ashenzari
Cheibriados
Dithmenos
Kikubaaqudgha
Okawaru
Xom

Shops:
D:9 *

Annotations:
D:5 1 runed translucent door, Crazy Yiuf


Innate Abilities, Weirdness & Mutations

You can be seen from farther away. (+LOS)
You can swim through water.
((You cover ground slowly.))
((You can hop short distances.))


Message History

You hear an angry growl.
You hear a shout!
Sonja throws a curare-tipped dart.
The curare-tipped dart hits you.
You are more poisoned.
You have difficulty breathing.
You feel as though you will be slow longer.
Sonja casts a spell.
Sonja blinks!
Evoke which item? (* to show all) (? for menu, Esc to quit)
Aiming: Iceblast
Press: ? - help, Shift-Dir - straight line, f/p - Sonja
Aim: Sonja, wielding a +1 dagger of distortion and quivering 2 curare-tipped darts (almost dead)
The mass of ice explodes!
The iceblast engulfs Sonja!
You kill Sonja!
Okawaru is honoured by your kill.
You can now speed up your combat.
Okawaru will now gift you equipment as you gain piety.
You feel very sick.
The kobold throws a poisoned dart.
You block the poisoned dart.
The kobold throws a poisoned dart.
You block the poisoned dart.
Base training target 4.0 for Shields reached!
Your base Fighting skill increases to level 8!
Your base Shields skill increases to level 4!
Okay, then.
Evoke which item? (* to show all) (? for menu, Esc to quit)
Aiming: Corrosive Bolt
Press: ? - help, Shift-Dir - straight line, f - Erolcha
Aim: Erolcha, wielding a +6 giant club and wearing a +0 robe (moderately wounded, 17% to evade)
The bolt of acid hits Erolcha.
Erolcha is splashed with acid.
The acid corrodes Erolcha!
Erolcha is heavily wounded.
You feel very sick. Erolcha hits you with a +6 giant club!
You hit Erolcha but do no damage.
Erolcha is heavily wounded.
You feel sick.
You hit Erolcha.
Erolcha is heavily wounded.
You feel sick.
You slash Erolcha!
Erolcha is almost dead.
You feel sick.
Erolcha screams, "DIE!"
Erolcha gestures at you while chanting.
You suddenly lose the ability to move!
You feel sick. Erolcha hits you with a +6 giant club!
* * * LOW HITPOINT WARNING * * *
* * * LOW HITPOINT WARNING * * *
You feel sick.
Erolcha gestures wildly while chanting.
Erolcha blinks!
* * * LOW HITPOINT WARNING * * *
You feel sick.
The kobold throws a poisoned dart.
The poisoned dart hits you!
You are more poisoned.
Erolcha screams, "Erolcha kill you!"
* * * LOW HITPOINT WARNING * * *
You feel very sick.
Erolcha gestures wildly while chanting.
Erolcha blinks!
* * * LOW HITPOINT WARNING * * *
You feel sick. The kobold hits you.
* * * LOW HITPOINT WARNING * * *
Erolcha gestures wildly while chanting.
Erolcha blinks!
You can move again.
Okay, then.
You slash the kobold!
You kill the kobold!
* * * LOW HITPOINT WARNING * * *
You feel sick.
Really quaff the potion of lignification?
You turn into a tree.
Your +0 cloak melds into your body.
Your +2 hat melds into your body.
Your +2 pair of boots melds into your body.
Your +3 plate armour melds into your body.
Your roots penetrate the ground.
* * * LOW HITPOINT WARNING * * *
You feel very sick.
k - a wand of acid (4) (in branch) {@v1}
* * * LOW HITPOINT WARNING * * *
You feel sick.
You swing at nothing.
* * * LOW HITPOINT WARNING * * *
You feel sick.
Evoke which item? (* to show all) (? for menu, Esc to quit)
Aiming: Iceblast
Press: ? - help, Shift-Dir - straight line, f - you You can't see any hostile targets that would be affected.
Okay, then.
You swing at nothing.
You are ready to hop once more.
* * * LOW HITPOINT WARNING * * *
You feel sick.
Evoke which item? (* to show all) (? for menu, Esc to quit)
Aiming: Iceblast
Press: ? - help, Shift-Dir - straight line The mass of ice explodes!
The iceblast engulfs Erolcha!!
You kill Erolcha!
Okawaru is honoured by your kill. Something appears at your feet!
Okawaru grants you ammunition!
You die...

..## ###..#####≈
#.###..##..#≈
#........>.#≈
#..........#≈ #
######..##>.##..#≈
####.###.).##..##..##..#≈
............'....<.....#≈
............#..........#≈
#♣####'###..###.#≈
.#######.####.###..###.##
.§...K'((......#.........
.....K#........#......)..
.... #........#.........
.. #........#.........
##)##'####.##.###.#
###.##..###.##.###.#
>.'.........(........


There were no monsters in sight!

Vanquished Creatures
  Erolcha (D:10)
  2 two-headed ogres
  Sonja (D:10)
  Maggie (D:10)
  A steam dragon (D:10)
  A warg (D:7)
  5 orc warriors
  A hornet zombie (D:9)
  3 ice beasts
  3 sky beasts
  3 black bears
  3 phantoms
  An eye of draining (D:9)
  2 centaurs (D:5)
  8 ogres
  A big kobold (D:9)
  6 bullfrogs
  A wyvern zombie (D:7)
  4 scorpions
  4 killer bees (D:8)
  4 wights (D:10)
  2 quasits (D:9)
  3 centaur zombies
  4 jellies
  4 hounds
  11 orc priests
  7 orc wizards
  2 bullfrog skeletons (D:4)
  2 centaur skeletons
  2 iguanas
  4 worker ants
  A killer bee zombie (D:7)
  A hound zombie (D:5)
  A hound skeleton (D:5)
  A howler monkey zombie (D:6)
  3 gnolls (D:5)
  13 adders
  2 shadow imps (D:6)
  2 white imps
  An ufetubus (D:9)
  2 oozes (D:3)
  3 worms
  6 leopard geckos
  42 orcs
  2 ball pythons (D:1)
  5 bats
  4 giant cockroaches
  6 goblins
  11 hobgoblins
  17 kobolds
  5 quokkas
  2 frilled lizards
  A jackal skeleton (D:4)
  13 rats
241 creatures vanquished.

Vanquished Creatures (others)
  A human (D:10)
  9 plants (D:1)
10 creatures vanquished.

Grand Total: 251 creatures vanquished

Notes
Turn   | Place    | Note
-------+----------+-------------------------------------------
     0 | D:1      | EnegeticOcto the Barachi Brigand began the quest for the
                  | Orb.
     0 | D:1      | Reached XP level 1. HP: 17/17 MP: 1/1
   326 | D:1      | Reached skill level 3 in Fighting
   359 | D:1      | Reached XP level 2. HP: 24/24 MP: 2/2
   522 | D:1      | Reached skill level 4 in Fighting
   717 | D:1      | Reached XP level 3. HP: 25/30 MP: 3/3
  1393 | D:2      | Found a shadowy altar of Dithmenos.
  1393 | D:2      | Found a broken altar of Ashenzari.
  1398 | D:2      | Found a snail-covered altar of Cheibriados.
  1578 | D:2      | Found an iron altar of Okawaru.
  1601 | D:2      | Became a worshipper of Warmaster Okawaru
  1871 | D:2      | Reached skill level 1 in Axes
  2046 | D:2      | Reached XP level 4. HP: 16/38 MP: 4/4
  2770 | D:3      | Reached skill level 2 in Axes
  2779 | D:3      | Reached skill level 5 in Fighting
  3015 | D:3      | Reached XP level 5. HP: 44/44 MP: 5/5
  3245 | D:4      | Reached skill level 3 in Axes
  3381 | D:4      | Reached XP level 6. HP: 37/51 MP: 6/6
  3393 | D:3      | Reached skill level 4 in Axes
  3612 | D:4      | Reached * piety under Okawaru
  3613 | D:4      | Reached skill level 6 in Fighting
  3613 | D:4      | Reached skill level 5 in Axes
  3614 | D:4      | Noticed a phantom
  3646 | D:4      | Killed a phantom
  3647 | D:4      | Reached XP level 7. HP: 33/59 MP: 7/7
  3879 | D:4      | Found a shimmering altar of Xom.
  3947 | D:4      | Found a staircase to the Ecumenical Temple.
  4229 | D:5      | Entered Level 5 of the Dungeon
  4246 | D:5      | Reached skill level 6 in Axes
  4246 | D:5      | Reached skill level 1 in Invocations
  4698 | D:5      | Reached skill level 3 in Throwing
  4698 | D:5      | Reached skill level 2 in Invocations
  4698 | D:5      | Reached XP level 8. HP: 65/65 MP: 6/9
  4754 | D:5      | Reached ** piety under Okawaru
  4858 | D:5      | Reached skill level 7 in Axes
  5329 | D:5      | Reached skill level 8 in Axes
  5329 | D:5      | Reached skill level 4 in Throwing
  5329 | D:5      | Reached skill level 3 in Invocations
  5578 | D:5      | Found a runed translucent door.
  5579 | D:5      | Noticed Crazy Yiuf
  6104 | D:6      | Reached *** piety under Okawaru
  6105 | D:6      | Reached XP level 9. HP: 69/71 MP: 11/11
  6170 | D:6      | Reached skill level 9 in Axes
  6170 | D:6      | Reached skill level 4 in Invocations
  7931 | D:7      | Reached skill level 10 in Axes
  8309 | D:8      | Reached skill level 5 in Invocations
  9414 | D:7      | Received a gift from Okawaru
  9415 | D:7      | Reached skill level 11 in Axes
  9858 | D:8      | Found a staircase to the Lair.
 10134 | D:9      | Noticed a two-headed ogre
 10145 | D:9      | Killed a two-headed ogre
 10145 | D:9      | Reached **** piety under Okawaru
 10146 | D:9      | Reached skill level 2 in Armour
 10146 | D:9      | Reached skill level 6 in Invocations
 10146 | D:9      | Reached XP level 10. HP: 46/77 MP: 11/14
 10457 | D:9      | Reached skill level 1 in Shields
 10531 | D:9      | Reached skill level 3 in Armour
 10742 | D:9      | Found Kyrack's Assorted Antiques.
 10753 | D:9      | Bought a scroll labelled LEXKIM TAOTZAY for 28 gold pieces
 10753 | D:9      | Bought a fuming emerald potion for 25 gold pieces
 11307 | D:9      | Reached skill level 2 in Shields
 11685 | D:10     | Entered Level 10 of the Dungeon
 11695 | D:10     | Reached skill level 7 in Fighting
 11695 | D:10     | Reached skill level 12 in Axes
 11835 | D:10     | Reached ***** piety under Okawaru
 11855 | D:10     | Noticed Maggie
 11862 | D:10     | Killed Maggie
 11863 | D:10     | Reached skill level 4 in Armour
 11927 | D:10     | Found an ancient bone altar of Kikubaaqudgha.
 11930 | D:10     | Found a staircase to the Orcish Mines.
 12201 | D:10     | Noticed a two-headed ogre
 12219 | D:10     | Killed a two-headed ogre
 12219 | D:10     | Received a gift from Okawaru
 12220 | D:10     | Reached skill level 5 in Throwing
 12220 | D:10     | Reached skill level 3 in Shields
 12220 | D:10     | Reached XP level 11. HP: 70/85 MP: 8/15
 12543 | D:10     | Noticed Sonja
 12543 | D:10     | Noticed Erolcha
 12550 | D:10     | Killed Sonja
 12551 | D:10     | Reached skill level 8 in Fighting
 12551 | D:10     | Reached skill level 4 in Shields
 12554 | D:10     | Paralysed by Erolcha for 5 turns
 12561 | D:10     | HP: 6/129 [poisoned by a kobold]
 12564 | D:10     | HP: 2/129 [poisoned by a kobold]
 12565 | D:10     | Killed Erolcha
 12565 | D:10     | Received a gift from Okawaru
 12565 | D:10     | Succumbed to a kobold's poison

Illustrated notes

Levels and vault maps discovered:
D:1:      wheals_arrival_linesprint, layout_rooms, serial_bayou,
          serial_bayou_pond_d, serial_bayou_lagoon_b, serial_bayou_shore_b,
          serial_bayou_lagoon_a, serial_bayou_pond_d, serial_bayou_lake_a,
          hangedman_decor_peaks_small
D:2:      layout_loops_ring, minmay_overflow_temple_star_quad,
          chequers_serial_rivers_large_a, okawaru_metal_pillars_3
D:3:      layout_rooms, saegor_snake_ambush
D:4:      layout_cave_pools, lemuel_crystal_altar,
          minmay_temple_entry_mini_moons
D:5:      layout_gridville, minmay_tree_intersection, uniq_crazy_yiuf_cottage
D:6:      layout_gridville
D:7:      layout_basic
D:8:      layout_cave_pools, erik_lair_orcish_takeover
D:9:      layout_basic, serial_shops, shop
D:10:     layout_gridville, orc_0_dummy, basic_altar,
          amcnicky_mini_rare_corridor_liquid, tgw_kikubaaqudgha, uniq_sonja,
          uniq_maggie, uniq_erolcha

Skill      XL: |  1  2  3  4  5  6  7  8  9 10 11 |
---------------+----------------------------------+-----
Fighting       | 3 4 5 6 7 8 |  8.0
Axes           | 1 2 3 5 6 8 11 12 | 12.9
Invocations    | 2 3 6 |  6.0
Throwing       | 3 4 5 |  5.5
Armour         | 2 4 |  4.0
Shields        | 3 4 |  4.0
Short Blades   | |  2.1
Dodging        | |  1.1
Stealth        | |  3.6

Action                   |  1- 3 |  4- 6 |  7- 9 | 10-12 || total
-------------------------+-------+-------+-------+-------++-------
Melee: Dagger            |    95 |   157 |       |       ||   252
       War axe           |    28 |    27 |   340 |   223 ||   618
Throw: Dart              |     6 |     5 |    21 |       ||    32
       Boomerang         |       |       |    28 |    45 ||    73
       Javelin           |       |       |       |     2 ||     2
Invok: Heroism           |       |       |    12 |     6 ||    18
       Finesse           |       |       |       |     2 ||     2
 Abil: Hop               |     3 |       |     7 |     1 ||    11
Evoke: Wand              |       |       |       |     6 ||     6
  Use: Scroll            |     5 |     1 |    12 |     4 ||    22
       Potion            |       |       |     2 |     2 ||     4
 Stab: Sleeping          |     2 |     8 |     1 |       ||    11
Armor: Robe              |    19 |     5 |       |       ||    24
       Ring mail         |       |    44 |    14 |       ||    58
       Scale mail        |       |       |    66 |       ||    66
       Plate armour      |       |       |   123 |   132 ||   255
Dodge: Dodged            |    61 |   106 |   124 |    53 ||   344
Block: Buckler           |       |    28 |    79 |    36 ||   143
